 Dungeon Crawl Stone Soup version 0.28.0-53-g5a82cb258f (webtiles) character file.

Game seed: 5572546247610349254

43 jamesp the Poker (level 3, -2/28 HPs)
             Began as a Merfolk Gladiator on Aug 1, 2022.
             Slain by an orc
             ... wielding a +0 short sword
              (3 damage)
             ... on level 1 of the Dungeon.
             The game lasted 00:03:28 (934 turns).

jamesp the Poker (Merfolk Gladiator)                 Turns: 934, Time: 00:03:29

Health: -2/28      AC:  4    Str: 14    XL:     3   Next: 58%
Magic:  3/3        EV: 13    Int:  9    God:
Gold:   57         SH:  0    Dex: 15    Spells: 2/2 levels left

rFire   . . .      SeeInvis .   a - +0 trident
rCold   . . .      Faith    .   (no shield)
rNeg    . . .      Spirit   .   b - +0 leather armour
rPois   .          Reflect  .   c - +0 helmet
rElec   .          Harm     .   (no cloak)
rCorr   .          Rampage  .   (no gloves)
Will    .....                   (no boots)
Stlth   +.........              (no amulet)
HPRegen 0.09/turn               (no ring)
MPRegen 0.08/turn               (no ring)

@: no status effects
A: (nimble swimmer 2), mertail
a: no special abilities


You were on level 1 of the Dungeon.
You visited 1 branch of the dungeon, and saw 2 of its levels.

You collected 57 gold pieces.

Inventory:

Hand Weapons
 a - a +0 trident (weapon)
Missiles
 d - a throwing net (quivered)
 e - 10 arrows
 f - 6 curare-tipped darts
 g - 20 sling bullets
Armour
 b - a +0 leather armour (worn)
 c - a +0 helmet (worn)
Potions
 h - a potion of flight {unknown}


   Skills:
 + Level 2.8 Fighting
 + Level 5.0 Polearms
 + Level 2.5 Throwing
 + Level 4.6 Dodging


You had 2 spell levels left.
You didn't know any spells.
Your spell library contained the following spells:

 Spells                   Type           Power      Damage    Failure   Level
 Alistair's Intoxication  Tmut/Pois      0%         N/A       100%        5
 Borgnjor's Vile Clutch   Necr/Erth      0%         N/A       100%        5
 Eringya's Noxious Bog    Tmut/Pois      0%         N/A       100%        6


Dungeon Overview and Level Annotations

Branches:
Dungeon (2/15)

Altars:


Innate Abilities, Weirdness & Mutations

((You are very nimble when in or above water. (Stealth+, EV+, Speed+++)))
Your lower body shifts to a powerful aquatic tail in water.


Message History

You barely miss the orc. The orc barely misses you.
You hit the orc.
The orc is heavily wounded.
The orc hits you with a +0 falchion.
* * * LOW HITPOINT WARNING * * *
You hit the orc but do no damage.
The orc is heavily wounded.
The orc misses you.
You barely miss the orc.
The orc is heavily wounded.
The orc barely misses you.
You hit the orc.
You kill the orc!
You barely miss the orc. The orc hits you with a +0 short sword.
* * * LOW HITPOINT WARNING * * *
You barely miss the orc. The orc barely misses you.
You hit the orc.
The orc is lightly wounded.
The orc hits you with a +0 short sword.
* * * LOW HITPOINT WARNING * * *
You closely miss the orc.
The orc is lightly wounded.
The orc closely misses you.
You barely miss the orc.
The orc is lightly wounded.
The orc closely misses you.
Throw: 3 throwing nets
Press: ? - help, Q - select action, (/) - cycle Shift-Dir - straight line, f - orc
Aim: an orc, wielding a +0 short sword (lightly wounded, 60% to hit)
You throw a throwing net.
The throwing net closely misses the orc.
The orc hits you with a +0 short sword.
* * * LOW HITPOINT WARNING * * *
Throw: 2 throwing nets
Press: ? - help, Q - select action, (/) - cycle Shift-Dir - straight line, f/p - orc
Aim: an orc, wielding a +0 short sword (lightly wounded, 60% to hit)
You throw a throwing net.
The throwing net closely misses the orc.
The orc hits you with a +0 short sword.
You die...

#..............###.##.#..♣♣PP.PP♣
#..........>...+...##.##.♣♣♣♣.♣♣♣
#..............###.##.##...♣♣.♣
#.........###### #.##.####....#
##.#.....## #.##.# ######
#.#.##..# #.##.# #.#..#..# #.##.#
#.#..#..#########.##.#
#.####..()....o@..##.#
#....#.##########.##.#
####.#.###### #.##.# #.#......#
#.##.# #.######.# #.##.# #.# #.#
#.##.# #.# #.# #.##.# #.######.#
#.##.# #........# #.##.#


You could see an orc.

Vanquished Creatures
  An adder (D:2)
  A dart slug (D:1)
  2 orcs
  4 bats
  3 endoplasms (D:1)
  3 giant cockroaches (D:1)
  2 goblins (D:1)
  A hobgoblin (D:1)
  4 jackals (D:1)
  3 ball pythons
  2 frilled lizards (D:1)
  A rat (D:1)
27 creatures vanquished.

Vanquished Creatures (others)
  2 plants (D:1)
2 creatures vanquished.

Grand Total: 29 creatures vanquished

Notes
Turn   | Place    | Note
-------+----------+-------------------------------------------
     0 | D:1      | jamesp the Merfolk Gladiator began the quest for the Orb.
     0 | D:1      | Reached XP level 1. HP: 16/16 MP: 1/1
    62 | D:1      | Reached XP level 2. HP: 23/23 MP: 2/2
   390 | D:1      | Found a faded altar of an unknown god.
   451 | D:1      | Reached XP level 3. HP: 27/28 MP: 3/3
   738 | D:2      | Reached skill level 5 in Polearms
   933 | D:1      | HP: 1/28 [orc/+0 short sword (2)]
   934 | D:1      | Slain by an orc

Illustrated notes

Levels and vault maps discovered:
D:1:      doesnt_arrival_eight_statues, layout_basic, basic_ecumenical_altar,
          serial_forest, infiniplex_forest_fountain,
          infiniplex_forest_straight_2, infiniplex_forest_lined_2,
          infiniplex_forest_clump_curved, infiniplex_forest_clump_cross,
          infiniplex_forest_straight_3, infiniplex_forest_clump_double,
          infiniplex_forest_lined_3, infiniplex_forest_zigzag_1
D:2:      layout_rooms

Skill      XL: |  1  2  3 |
---------------+----------+-----
Polearms       | 5 |  5.0
Fighting       | |  2.8
Throwing       | |  2.5
Dodging        | |  4.6

Action                   || total
-------------------------++-------
Melee: Trident           ||    90
       Punch             ||     2
Throw: Throwing net      ||     2
Armor: Leather armour    ||    20
Dodge: Dodged            ||    66
